 Dungeon Crawl Stone Soup version 0.26-a0-707-g31817bcca1 (webtiles) character file.

Game seed: 8421485059538211157

83 lunkers the Chiller (level 4, 0/27 HPs)
             Began as an Octopode Ice Elementalist on Oct 26, 2020.
             Slain by Grinder (3 damage)
             ... on level 4 of the Dungeon.
             The game lasted 00:02:10 (1580 turns).

lunkers the Chiller (Octopode Ice Elementalist)     Turns: 1580, Time: 00:02:11

Health: 0/27       AC:  7    Str:  7    XL:     4   Next: 44%
Magic:  2/8        EV: 13    Int: 18    God:
Gold:   74         SH:  0    Dex: 12    Spells: 1/8 levels left

rFire    . . .     SeeInvis .   (no weapon)
rCold    . . .     Faith    .   (no shield)
rNeg     . . .     Spirit   .   (helmet restricted)
rPois    .         Reflect  .   (no amulet)
rElec    .         Harm     .   h - ring of protection from magic
rCorr    .         Rampage  .   (no ring)
MR       +....                  (no ring)
Stlth    +++.......             (no ring)
HPRegen  0.09/turn              (no ring)
MPRegen  0.11/turn              (no ring)
                                (no ring)
                                (no ring)

@: mighty, icy armour, frozen ramparts
A: almost no armour, stealthy swim, amphibious, 8 rings, constrict 8, camouflage
1, gelatinous body 1
a: no special abilities


You were on level 4 of the Dungeon.
You visited 1 branch of the dungeon, and saw 3 of its levels.

You collected 74 gold pieces.

Inventory:

Jewellery
 g - an uncursed amulet of magic regeneration {unknown}
 h - a ring of protection from magic (left tentacle)
Scrolls
 a - 2 scrolls of enchant armour {unknown}
 b - a scroll of enchant weapon {unknown}
 e - 2 scrolls of identify {unknown}
Potions
 c - a potion of might
 d - 2 potions of berserk rage {unknown}
 f - a potion of heal wounds {unknown}


   Skills:
 - Level 2.0 Dodging
 - Level 2.6 Stealth
 + Level 2.8 Spellcasting
 * Level 5.2 Ice Magic


You had one spell level left.
You knew the following spells:

 Your Spells              Type           Power        Failure   Level
a - Freeze                Ice            ###.         1%          1
b - Frozen Ramparts       Ice            ###...       5%          3
c - Ozocubu's Armour      Ice            ###.....     5%          3

Your spell library contained the following spells:

 Spells                   Type           Power        Failure   Level
 Hailstorm                Conj/Ice       ##......     50%         4
 Summon Ice Beast         Ice/Summ       ##......     50%         4


Dungeon Overview and Level Annotations

Branches:
Dungeon (2/15)

Altars:
Ashenzari
Cheibriados
Fedhas
Sif Muna
Xom
The Shining One

Shops:
D:4 *

Annotations:
D:4 Grinder


Innate Abilities, Weirdness & Mutations

You cannot wear most types of armour.
You are very stealthy in the water. (Stealth+)
You are amphibious.
You can wear up to eight rings at the same time.
You can use your tentacles to constrict eight enemies at once.
Your skin changes colour to match your surroundings (Stealth+).
Your rubbery body absorbs attacks. (AC +1, EV +1)


Message History

Confirm with . or Enter, or press ? or * to list all spells.
The spell is quite dangerous to cast (5% risk of failure)!
Continue anyway?
A film of ice covers your body!
You constrict Grinder.
Grinder resists.
The wall freezes Grinder.
Grinder misses you.
Unknown command.
Press < or > to pray at altars.
You tentacle-slap Grinder. You squeeze Grinder.
Grinder is severely wounded.
You constrict Grinder.
Grinder completely resists.
The wall freezes Grinder but do no damage.
Grinder hits you.
* * * LOW HITPOINT WARNING * * *
You writhe in agony.
* * * LOW HITPOINT WARNING * * *
You bludgeon Grinder!
Grinder is almost dead.
You constrict Grinder.
Grinder completely resists.
The wall freezes Grinder but do no damage.
Grinder hits you.
You die...

###### . ..# ..#
##.__.###.#.####..#
#_....⌠##.#.......#
###..### ...###...#
#####....#####.###.#.##.#
##.###..###....###....<
##.#_.†.._####..#...#
##.###..###.....#5..#
##.##.....###...@...#
...###..### #...#...#
.#.#.....# #...#...#
.#.##8..8#####.###..#
.#.##...##.# #.###..#
.#.........# #.###..#
.###.....### #......# .#
#.....# #.###### .#
#.∩...# ##.######


You could see Grinder.

Vanquished Creatures
  A hound (D:4)
  2 dart slugs
  A worm (D:2)
  3 orcs
  3 giant cockroaches (D:1)
  4 goblins
  2 hobgoblins
  9 jackals (D:4)
  A kobold (D:1)
  5 bats (D:1)
  5 frilled lizards
  6 rats
42 creatures vanquished.

Notes
Turn   | Place    | Note
-------+----------+-------------------------------------------
     0 | D:1      | lunkers the Octopode Ice Elementalist began the quest for
                  | the Orb.
     0 | D:1      | Reached XP level 1. HP: 11/11 MP: 3/3
   135 | D:1      | Reached XP level 2. HP: 17/17 MP: 1/5
   276 | D:1      | You fall into a shaft and drop 1 floor!
   919 | D:1      | Reached XP level 3. HP: 20/21 MP: 2/6
  1281 | D:2      | Noticed an ogre
  1296 | D:2      | Learned a level 3 spell: Frozen Ramparts
  1300 | D:2      | Learned a level 3 spell: Ozocubu's Armour
  1328 | D:2      | You fall into a shaft and drop 2 floors!
  1328 | D:4      | Found a snail-covered altar of Cheibriados.
  1328 | D:4      | Found a blossoming altar of Fedhas.
  1328 | D:4      | Found a shimmering blue altar of Sif Muna.
  1328 | D:4      | Found a shimmering altar of Xom.
  1332 | D:4      | Found a glowing golden altar of the Shining One.
  1335 | D:4      | Reached skill level 5 in Ice Magic
  1379 | D:4      | Found Juodurir's General Store.
  1440 | D:4      | Reached XP level 4. HP: 20/27 MP: 4/8
  1556 | D:4      | Found a broken altar of Ashenzari.
  1564 | D:4      | Noticed Grinder
  1580 | D:4      | Slain by Grinder

Illustrated notes

Levels and vault maps discovered:
D:1:      lordsloth_arrival_two_stooges, layout_loops_ring,
          hangedman_abyss_or_decor_stabs, kennysheep_decorative_pillar,
          minmay_crystal_room
D:2:      cheibrodos_pilgrimage, layout_rooms,
          lemuel_zombie_altar_kikubaaqudgha, old_standard_altar, uniq_natasha
D:4:      layout_loops_cross, cheibrodos_ashenzari_chains, minitemple,
          serial_shops, shop, uniq_ijyb, uniq_grinder, uniq_eustachio

Skill      XL: |  1  2  3 |
---------------+----------+-----
Ice Magic      | 5 |  5.2
Dodging        | |  2.0
Stealth        | |  2.6
Spellcasting   | |  2.8

Action                   |  1- 3 |  4- 6 || total
-------------------------+-------+-------++-------
Melee: Unarmed           |     1 |     3 ||     4
       Tentacles         |     1 |     2 ||     3
       Constrict         |     1 |     1 ||     2
 Cast: Freeze            |    47 |     1 ||    48
       Frozen Ramparts   |     1 |     1 ||     2
       Ozocubu's Armour  |       |     1 ||     1
  Use: Potion            |       |     1 ||     1
Armor: Skin              |     2 |       ||     2
Dodge: Dodged            |    36 |     1 ||    37

Table legend: (Time is in decaauts)
 A = Elapsed time spent in this place.
 B = Non-inter-level travel time spent in this place.
 C = Inter-level travel time spent in this place.
 D = Time resting spent in this place.
 E = Time spent auto-exploring this place.
 F = Levels seen in this place.
 G = Mean time per level.
                   A        B        C        D        E       F      G
               +--------+--------+--------+--------+--------+-----+--------+
         Total |   1581 |   1545 |     36 |     64 |   1240 |   3 |  527.0 |
       Dungeon |   1581 |   1545 |     36 |     64 |   1240 |   3 |  527.0 |
               +--------+--------+--------+--------+--------+-----+--------+

Top non-repeatable levels by time:
     D:1: 1123 daAuts
     D:4: 251 daAuts
     D:2: 206 daAuts
